 Dungeon Crawl Stone Soup version 0.25.1-11-g244df3a29b (webtiles) character file.

Game seed: 7921878809691871378

109 oldriver the Sneak (level 5, 0/34 HPs)
             Began as a Halfling Assassin on Jan 3, 2023.
             Killed by divine providence
             ... invoked by an orc priest
              (10 damage)
             ... on level 3 of the Dungeon.
             The game lasted 00:02:43 (2124 turns).

oldriver the Sneak (Halfling Assassin)              Turns: 2124, Time: 00:03:13

Health: 0/34       AC:  4    Str: 12    XL:     5   Next: 13%
Magic:  5/5        EV: 14    Int:  9    God:
Gold:   105        SH:  0    Dex: 17    Spells: 4/4 levels left

rFire    . . .     SeeInvis .   a - +4 dagger
rCold    . . .     Gourm    .   (shield restricted)
rNeg     . . .     Faith    .   b - +0 robe
rPois    .         Spirit   .   (no helmet)
rElec    .         Reflect  .   c - +1 cloak
rCorr    .         Harm     .   (no gloves)
MR       .....                  (no boots)
Stlth    +++.......             (no amulet)
HPRegen  0.11/turn              (no ring)
MPRegen  0.09/turn              (no ring)

@: no status effects
A: small, mutation resistance 1
a: no special abilities


You were on level 3 of the Dungeon.
You were not hungry.

You visited 1 branch of the dungeon, and saw 3 of its levels.

You collected 105 gold pieces.

Inventory:

Hand Weapons
 a - a +4 dagger (weapon)
Missiles
 d - 8 poisoned darts (quivered)
Armour
 b - a +0 robe (worn)
 c - a +1 cloak (worn)
 i - a scarf of resistance
Scrolls
 e - 2 scrolls of immolation {unknown}
 k - a scroll of magic mapping
 m - 3 scrolls of remove curse
Potions
 g - a potion of mutation {unknown}
 h - 2 potions of lignification {unknown}
 j - a potion of brilliance {unknown}
 n - a potion of stabbing {unknown}
 q - 2 potions of haste {unknown}
 s - a potion of flight {unknown}
Comestibles
 f - 3 rations
 l - 9 chunks of flesh


   Skills:
 + Level 2.2 Fighting
 * Level 3.6 Short Blades
 - Level 2.0 Throwing
 + Level 1.4 Dodging
 + Level 6.0 Stealth


You had 4 spell levels left.
You didn't know any spells.
Your spell library was empty.

Dungeon Overview and Level Annotations

Branches:
Dungeon (3/15)

Altars:
Makhleb
The Shining One


Innate Abilities, Weirdness & Mutations

You are small and have problems with some larger weapons.
You are somewhat resistant to further mutation.


Message History

You hit the orc.
You kill the orc!
Something hits you but does no damage.
You hit the orc priest.
The orc priest is moderately wounded.
Something hits you but does no damage. x2
The orc priest invokes the aid of Beogh against you.
Beogh smites you!
You closely miss the orc priest.
The orc priest is moderately wounded.
You hit the orc priest.
The orc priest is severely wounded.
Something hits you. The orc priest misses you.
You hit the orc priest but do no damage.
The orc priest is severely wounded.
Something hits you.
* * * LOW HITPOINT WARNING * * *
The orc priest calls down the wrath of Beogh upon you.
Beogh smites you!
You die...

#. #. ##.# .w#.
...# ###)#o ####
#..# ...[. ..#
#..# #... #.#
#..#
#####.o###.###..#
......o...w.....#
.$.......#o###.##
....##.#.#@{.#.#
######+##
#.#.#.#.#.#
.....#
#.#.###.#.#
.....# #.... #.#
.....# ..... #.#
.....# .....#
#.#########
.....#
#.....<...#
.....#
######.##.#
.....# #.##.#


You could see a worm and an orc priest.

Vanquished Creatures
  A centaur skeleton (D:3)
  4 gnolls (D:2)
  A dart slug (D:2)
  A leopard gecko (D:2)
  2 orcs (D:3)
  A ball python (D:3)
  3 giant cockroaches
  5 goblins
  6 hobgoblins
  A jackal (D:3)
  4 kobolds
  2 quokkas
  3 bats
  4 frilled lizards
  A rat (D:3)
39 creatures vanquished.

Vanquished Creatures (others)
  3 toadstools (D:1)
3 creatures vanquished.

Grand Total: 42 creatures vanquished

Notes
Turn   | Place    | Note
-------+----------+-------------------------------------------
     0 | D:1      | oldriver the Halfling Assassin began the quest for the Orb.
     0 | D:1      | Reached XP level 1. HP: 14/14 MP: 1/1
   143 | D:1      | Found a glowing golden altar of the Shining One.
   268 | D:1      | Reached XP level 2. HP: 19/19 MP: 2/2
   298 | D:1      | Reached skill level 5 in Stealth
   814 | D:2      | Found a burning altar of Makhleb.
   908 | D:2      | Reached XP level 3. HP: 18/24 MP: 3/3
  1240 | D:2      | Reached XP level 4. HP: 29/29 MP: 4/4
  1950 | D:3      | Reached XP level 5. HP: 34/34 MP: 5/5
  1958 | D:3      | Reached skill level 6 in Stealth
  2124 | D:3      | Killed from afar by an orc priest

Illustrated notes

Levels and vault maps discovered:
D:1:      ncdulo_smallfort, layout_basic, minmay_gold_behind_fungi,
          grunt_decor_arrowhead, tso_altar
D:2:      minmay_inner_zag, layout_rooms, lightli_temple_of_fire
D:3:      layout_basic, nicolae_qazlal_general_emergency, first_ration,
          minmay_circle_x, uniq_sigmund

Skill      XL: |  1  2  3  4  5 |
---------------+----------------+-----
Stealth        | 5 6 |  6.0
Fighting       | 2 |  2.2
Short Blades   | 3 |  3.6
Throwing       | |  2.0
Dodging        | |  1.4

Action                   |  1- 3 |  4- 6 || total
-------------------------+-------+-------++-------
Melee: Dagger            |    54 |    63 ||   117
Throw: Dart              |    11 |       ||    11
  Use: Scroll            |       |     7 ||     7
 Stab: Sleeping          |     4 |     4 ||     8
  Eat: Chunk             |     1 |     3 ||     4
Armor: Robe              |     5 |    11 ||    16
Dodge: Dodged            |    27 |    45 ||    72
